 Dungeon Crawl Stone Soup version 0.21.1-1-g345015f (webtiles) character file.

380 joejoepie the Shield-Bearer (level 6, 0/56 HPs)
             Began as a Deep Dwarf Fighter on May 12, 2018.
             Slain by a gnoll
             ... wielding a +0 halberd
              (7 damage)
             ... on level 4 of the Dungeon.
             The game lasted 00:19:52 (2695 turns).

joejoepie the Shield-Bearer (Deep Dwarf Fighter)    Turns: 2695, Time: 00:19:53

Health: 0/56       AC:  8    Str: 26    XL:     6   Next: 46%
Magic:  6/6        EV:  6    Int:  9    God:
Gold:   226        SH: 15    Dex: 12    Spells: 5/5 levels left

rFire    . . .     SeeInvis .   a - +1 war axe
rCold    . . .     Gourm    .   n - +0 large shield
rNeg     . . .     Faith    .   g - +0 scale mail
rPois    .         Spirit   .   (no helmet)
rElec    .         Reflect  .   (no cloak)
rCorr    .         Harm     +   s - +0 pair of gloves
MR       .....                  (no boots)
Stlth    ..........             e - amulet of harm
HPRegen  0.00/turn              q - ring of flight
MPRegen  0.10/turn              (no ring)

@: mighty, non-regenerating
A: damage resistance, heal wounds, sense surroundings 1, no regeneration
a: Heal Wounds, Evoke Flight


You were on level 4 of the Dungeon.
You were very hungry.

You visited 1 branch of the dungeon, and saw 4 of its levels.

You collected 226 gold pieces.

Inventory:

Hand Weapons
 a - a +1 war axe (weapon)
 b - a +0 hunting sling
 l - a cursed -2 whip
Missiles
 h - 95 stones
 j - 4 javelins (quivered)
Armour
 c - a +1 shield
 g - a +0 scale mail (worn)
 k - a +0 pair of gloves
 n - a +0 large shield (worn)
 s - a +0 pair of gloves (worn)
Jewellery
 e - an amulet of harm (around neck)
 q - a ring of flight (left hand)
Scrolls
 i - 2 scrolls of identify
 o - 2 scrolls of fear
 p - 3 scrolls of teleportation
 t - 2 scrolls of magic mapping
 u - 2 scrolls of remove curse
Potions
 d - a potion of might
 m - a potion of brilliance
 r - a potion of resistance
Comestibles
 f - 5 rations


   Skills:
 + Level 3.5 Fighting
 + Level 4.5 Axes
 + Level 1.3(1.4) Slings
 + Level 0.6(1.0) Throwing
 + Level 4.4 Armour
 + Level 1.1 Dodging
 + Level 0.3 Stealth
 + Level 4.9 Shields


You had 5 spell levels left.
You didn't know any spells.

Dungeon Overview and Level Annotations

Branches:
Dungeon (4/15)             Temple (0/1) D:4

Altars:
Gozag
Kikubaaqudgha
Qazlal
Vehumet


Innate Abilities, Weirdness & Mutations

You are resistant to damage.
You can heal yourself by infusing magical energy.
You passively map a small area around you.
You do not regenerate.


Message History

* * * LOW HITPOINT WARNING * * *
You miss something. You block something's attack. You block the gnoll's attack.
The jackal bites you but does no damage.
You barely miss something.
Your shield and scale mail prevent you from hitting the jackal.
Something hits you but does no damage. You block the jackal's attack.
You block the gnoll's attack. Something hits you.
* * * LOW HITPOINT WARNING * * *
The jackal bites you but does no damage.
You hit something. You slash the jackal!
You kill the jackal!
You block the gnoll's attack.
You hear some strange, mumbled words.
A puff of flame appears from out of thin air!
You block the puff of flame.
You miss something. Something hits you. You block the gnoll's attack.
Something hits you but does no damage.
You closely miss something.
The gnoll hits you from afar with a halberd!
You die...

* , #.......# # ,
.., ..#
#.......#....
#+#.###.#
#....<....# ,, *
.....(.##.....#+#..#
, #.....#....## #
#........# * , *,
#...g#. * #)..)# , ,
, , #...@### *
#.(.{..# #...†.##
**** * #.....# ,
#.....# #####'# > ,,
#.....# , ⌠ ⌠ *
#.##### , , ,,, *
#.#<.^### # *


You could see a gnoll.

Vanquished Creatures
  Sigmund (D:4)
  A howler monkey (D:4)
  The ghost of Gartch2 the Sneak, a weakling SpEn (D:3)
  An orc priest (D:4)
  A gnoll (D:4)
  2 adders (D:3)
  2 oozes
  3 worms (D:2)
  A dart slug (D:2)
  A leopard gecko (D:3)
  2 orcs
  7 bats
  5 giant cockroaches
  7 goblins
  7 hobgoblins
  6 jackals (D:4)
  3 quokkas
  4 ball pythons
  2 frilled lizards
  11 kobolds
  8 rats
76 creatures vanquished.

Notes
Turn   | Place    | Note
-------+----------+-------------------------------------------
     0 | D:1      | joejoepie the Deep Dwarf Fighter began the quest for the Orb.
     0 | D:1      | Reached XP level 1. HP: 20/20 MP: 1/1
   276 | D:1      | Reached XP level 2. HP: 25/27 MP: 2/2
   973 | D:2      | Reached XP level 3. HP: 32/34 MP: 3/3
   985 | D:2      | Found a radiant altar of Vehumet.
  1239 | D:2      | Found an ancient bone altar of Kikubaaqudgha.
  1381 | D:2      | Found an opulent altar of Gozag.
  1749 | D:3      | Noticed Gartch2's ghost (weakling SpEn)
  1769 | D:3      | Killed Gartch2's ghost
  1769 | D:3      | Reached XP level 4. HP: 32/42 MP: 4/4
  2146 | D:3      | Noticed a fire elemental
  2150 | D:3      | Found a stormy altar of Qazlal.
  2151 | D:3      | Noticed an earth elemental
  2151 | D:3      | Noticed a water elemental
  2151 | D:3      | Noticed an air elemental
  2296 | D:3      | Found a faded altar of an unknown god.
  2670 | D:4      | Noticed Sigmund
  2670 | D:4      | Reached XP level 5. HP: 44/49 MP: 5/5
  2689 | D:4      | Killed Sigmund
  2689 | D:4      | Reached skill level 1 in Slings
  2689 | D:4      | Reached skill level 1 in Dodging
  2689 | D:4      | Reached XP level 6. HP: 23/56 MP: 6/6
  2695 | D:4      | Slain by a gnoll

Skill      XL: |  1  2  3  4  5 |
---------------+----------------+-----
Fighting       | 3 |  3.5
Axes           | 3 4 |  4.5
Shields        | 4 |  4.9
Armour         | 4 |  4.4
Slings         | 1 |  1.3
Dodging        | 1 |  1.1
Throwing       | |  0.6
Stealth        | |  0.3

Action                   |  1- 3 |  4- 6 || total
-------------------------+-------+-------++-------
Melee: War axe           |   119 |    94 ||   213
 Fire: Hunting sling     |    18 |     8 ||    26
Throw: Javelin           |    11 |     3 ||    14
       Stone             |     1 |       ||     1
 Abil: Heal Wounds       |       |     1 ||     1
  Use: Scroll            |     7 |     2 ||     9
       Potion            |     3 |     4 ||     7
  Eat: Chunk             |     2 |     3 ||     5
Armor: Scale mail        |    35 |    61 ||    96
Dodge: Dodged            |    28 |    22 ||    50
Block: Shield            |    47 |       ||    47
       Large shield      |    28 |    84 ||   112
